 Dungeon Crawl Stone Soup version 0.31-a0-175-g9f7f995f2b (webtiles) character file.

Game seed: 10146697299151825630

408 qw the Shooter (level 6, -8/57 HPs)
             Began as a Naga Hunter on June 16, 2023.
             Mangled by a black bear (11 damage)
             ... on level 5 of the Dungeon.
             The game lasted 00:01:20 (3077 turns).

qw the Shooter (Naga Hunter)                        Turns: 3077, Time: 00:01:21

Health: -8/57      AC:  5    Str: 14    XL:     6   Next: 88%
Magic:  6/6        EV:  9    Int:  9    God:
Gold:   237        SH:  0    Dex: 16    Spells: 5/5 levels left

rFire   + . .        Y - +1 shortbow (heavy)
rCold   + + .        (shield currently unavailable)
rNeg    . . .        i - +2 leather armour {rC+}
rPois   +            (no helmet)
rElec   .            c - scarf {rC+ rF+}
rCorr   +            (no gloves)
SInv    +            (no barding)
Will    .....        h - amulet of regeneration
Stlth   ++           k - ring of resist corrosion
HPRegen 1.09/turn    (no ring)
MPRegen 0.10/turn

%: no passive effects
@: about to teleport, very slow
A: AC +2, large, see invisible, deformed body, poison resistance, slowness 2,
spit poison 1, naga tail 1
a: Spit Poison


You were on level 5 of the Dungeon.
You visited 1 branch of the dungeon, and saw 5 of its levels.

You collected 237 gold pieces.


Innate Abilities, Weirdness & Mutations

Your serpentine skin is tough. (AC +2)
You have supernaturally acute eyesight. (SInv)
Armour fits poorly on your strangely shaped body.
Your system is resistant to poisons. (rPois)
You cover ground very slowly.
You can spit poison.
You have a snake-like lower body.


   Skills:
 - Level 4.1 Fighting
 + Level 6.4 Ranged Weapons
 - Level 1.5 Dodging
 - Level 1.5 Stealth


You had 5 spell levels left.
You didn't know any spells.
Your spell library was empty.

Inventory:

Hand Weapons
 Y - a +1 heavy shortbow (weapon)
Armour
 c - a scarf of resistance (worn)
 i - a +2 leather armour of cold resistance (worn)
Jewellery
 h - an amulet of regeneration (around neck)
 k - a ring of resist corrosion (left hand)
Scrolls
 a - 2 scrolls of identify
Potions
 b - a potion of cancellation
 d - a potion of curing
 e - a potion of mutation {unknown}
 f - a potion of experience {unknown}
 g - a potion of berserk rage {unknown}
 n - a potion of invisibility {unknown}

Dungeon Overview and Level Annotations

Branches:
Dungeon (5/15)
 Temple: D:4-7

Altars:
Gozag
Sif Muna


Message History

The black bear is heavily wounded.
You have got your breath back.
The black bear bites you.
The black bear claws you but does no damage.
The black bear claws you.
The black bear bites you but does no damage.
The black bear claws you but does no damage.
The black bear claws you.
3073 ||| INVOKING Spit Poison.
Aiming: Spit Poison (1% risk of failure)
Press: ? - help, Shift-Dir - straight line, f/p - black bear The splash of poison hits the black bear.
The black bear looks even sicker.
The black bear is heavily wounded.
The black bear barely misses you. The black bear claws you.
The black bear claws you but does no damage.
You shoot an arrow.
The arrow hits the black bear but does no damage.
The black bear is severely wounded.
The black bear bites you. The black bear barely misses you.
The black bear claws you. The black bear barely misses you.
The black bear claws you. The black bear barely misses you.
You shoot an arrow. The arrow hits the black bear.
The black bear is severely wounded.
The black bear goes berserk!
You shoot an arrow. The arrow hits the black bear.
The black bear is almost dead.
You have got your breath back.
The black bear completely misses you. The black bear closely misses you.
The black bear completely misses you. The black bear bites you!
The black bear claws you. The black bear barely misses you. x2
The black bear claws you but does no damage.
The black bear completely misses you.
3077 ||| READING scroll of teleportation.
As you read the scroll of teleportation, it crumbles to dust.
You feel strangely unstable. The black bear bites you!
The black bear claws you but does no damage. x2
The black bear bites you!
You die...

#.....##.# #..
..#
#.....##.#####..#
##.# #
#.##.##..........
..# #.#.##.
#..##.###.# #.#
..>.#.##..# # ..#
#.......## ###
.$.#......#
#......# #)@....#
#....h......#
###.#.......#
#.###.###..# #.#
##. .... ## ##
.##


You could see a black bear (berserk, poisoned).

Vanquished Creatures
  A black bear (D:3)
  A hound (D:4)
  Jessica (D:2)
  Natasha (twice) (D:2)
  8 gnolls
  4 adders
  3 worms
  3 orcs
  9 bats
  10 endoplasms
  7 goblins
  13 hobgoblins
  7 jackals
  5 quokkas
  4 ball pythons
  9 frilled lizards
  2 kobolds
  9 rats
98 creatures vanquished.

Notes
Turn   | Place    | Note
-------+----------+-------------------------------------------
     0 | D:1      | qw the Naga Hunter began the quest for the Orb.
     0 | D:1      | Reached XP level 1. HP: 19/19 MP: 1/1
     0 | D:1      | 0 ||| qw: Version: 0.2-a-29-g511e9b1
     0 | D:1      | 0 ||| qw: Game counter: 5690
     0 | D:1      | 0 ||| qw: Always use a shield: true
     0 | D:1      | 0 ||| qw: God list: Okawaru
     0 | D:1      | 0 ||| qw: Allow faded altars: false
     0 | D:1      | 0 ||| qw: Do Orc after D:15 true
     0 | D:1      | 0 ||| qw: Do second Lair branch before Depths: true
     0 | D:1      | 0 ||| qw: Lair rune preference: random
     0 | D:1      | 0 ||| qw: Plans: Normal
     0 | D:1      | 0 ||| PLANNING D:1-11
     5 | D:1      | 5 ||| INVOKING Spit Poison.
    17 | D:1      | 17 ||| INVOKING Spit Poison.
    20 | D:1      | 20 ||| INVOKING Spit Poison.
    25 | D:1      | 25 ||| INVOKING Spit Poison.
    30 | D:1      | 30 ||| INVOKING Spit Poison.
    61 | D:1      | 61 ||| INVOKING Spit Poison.
    66 | D:1      | Reached skill level 4 in Ranged Weapons
    66 | D:1      | Reached XP level 2. HP: 25/26 MP: 2/2
   101 | D:1      | 101 ||| INVOKING Spit Poison.
   127 | D:1      | 127 ||| INVOKING Spit Poison.
   128 | D:1      | 128 ||| INVOKING Spit Poison.
   132 | D:1      | 132 ||| INVOKING Spit Poison.
   158 | D:1      | 158 ||| INVOKING Spit Poison.
   248 | D:1      | 248 ||| INVOKING Spit Poison.
   314 | D:1      | 314 ||| INVOKING Spit Poison.
   320 | D:1      | 320 ||| INVOKING Spit Poison.
   337 | D:1      | 337 ||| INVOKING Spit Poison.
   341 | D:1      | Reached XP level 3. HP: 32/32 MP: 3/3
   342 | D:1      | 342 ||| INVOKING Spit Poison.
   346 | D:1      | 346 ||| INVOKING Spit Poison.
   352 | D:1      | 352 ||| INVOKING Spit Poison.
   355 | D:1      | 355 ||| INVOKING Spit Poison.
   443 | D:1      | 443 ||| INVOKING Spit Poison.
   484 | D:1      | 484 ||| INVOKING Spit Poison.
   488 | D:1      | 488 ||| INVOKING Spit Poison.
   494 | D:1      | 494 ||| INVOKING Spit Poison.
   550 | D:1      | 550 ||| INVOKING Spit Poison.
   667 | D:1      | 667 ||| INVOKING Spit Poison.
   672 | D:1      | 672 ||| INVOKING Spit Poison.
   727 | D:1      | 727 ||| UPGRADING to +2 leather armour of cold resistance.
   737 | D:1      | 737 ||| DROPPING +0 leather armour.
   738 | D:1      | 738 ||| UPGRADING to amulet of regeneration.
   743 | D:1      | 743 ||| UPGRADING to ring of resist corrosion.
   744 | D:1      | 744 ||| READING 2 scrolls labelled HEXZA NURU.
   745 | D:1      | 745 ||| READING scroll labelled DADAUB FERPHIA.
   746 | D:1      | 746 ||| DROPPING scroll of butterflies.
   766 | D:2      | 766 ||| INVOKING Spit Poison.
   769 | D:2      | 769 ||| INVOKING Spit Poison.
   782 | D:2      | 782 ||| INVOKING Spit Poison.
   791 | D:2      | 791 ||| INVOKING Spit Poison.
   806 | D:2      | 806 ||| INVOKING Spit Poison.
   823 | D:2      | 823 ||| INVOKING Spit Poison.
   889 | D:2      | 889 ||| INVOKING Spit Poison.
   897 | D:2      | 897 ||| INVOKING Spit Poison.
   901 | D:2      | 901 ||| INVOKING Spit Poison.
   909 | D:2      | 909 ||| INVOKING Spit Poison.
   913 | D:2      | Reached skill level 5 in Ranged Weapons
   913 | D:2      | Reached XP level 4. HP: 39/39 MP: 4/4
   914 | D:2      | 914 ||| INVOKING Spit Poison.
   970 | D:2      | Noticed Jessica
   973 | D:2      | 973 ||| INVOKING Spit Poison.
   973 | D:2      | Killed Jessica
   974 | D:2      | Reached skill level 3 in Fighting
  1031 | D:2      | 1031 ||| INVOKING Spit Poison.
  1039 | D:2      | 1039 ||| INVOKING Spit Poison.
  1044 | D:2      | 1044 ||| INVOKING Spit Poison.
  1046 | D:2      | 1046 ||| Stepping ~*~*~tactically~*~*~ (outnumbered).
  1050 | D:2      | 1050 ||| INVOKING Spit Poison.
  1052 | D:2      | Reached XP level 5. HP: 32/49 MP: 5/5
  1057 | D:2      | 1057 ||| INVOKING Spit Poison.
  1061 | D:2      | 1061 ||| INVOKING Spit Poison.
  1068 | D:2      | 1068 ||| INVOKING Spit Poison.
  1070 | D:2      | HP: 10/49 [gnoll/+0 spear (4)]
  1071 | D:2      | 1071 ||| INVOKING Spit Poison.
  1072 | D:2      | 1072 ||| INVOKING Spit Poison.
  1076 | D:2      | 1076 ||| INVOKING Spit Poison.
  1112 | D:2      | 1112 ||| INVOKING Spit Poison.
  1155 | D:2      | Noticed Natasha
  1156 | D:2      | 1156 ||| INVOKING Spit Poison.
  1160 | D:2      | 1160 ||| INVOKING Spit Poison.
  1167 | D:2      | 1167 ||| INVOKING Spit Poison.
  1167 | D:2      | Killed Natasha
  1204 | D:2      | 1204 ||| INVOKING Spit Poison.
  1210 | D:2      | 1210 ||| INVOKING Spit Poison.
  1213 | D:2      | 1213 ||| INVOKING Spit Poison.
  1346 | D:2      | Noticed Natasha
  1347 | D:2      | 1347 ||| Stepping ~*~*~tactically~*~*~ (outnumbered).
  1349 | D:2      | 1349 ||| INVOKING Spit Poison.
  1358 | D:2      | 1358 ||| INVOKING Spit Poison.
  1361 | D:2      | 1361 ||| INVOKING Spit Poison.
  1361 | D:2      | Killed Natasha
  1385 | D:2      | Found a faded altar of an unknown god.
  1397 | D:2      | 1397 ||| READING scroll labelled FAOBANT NIDGHEU.
  1398 | D:2      | 1398 ||| DRINKING 2 amethyst potions.
  1399 | D:2      | 1399 ||| DROPPING potion of enlightenment.
  1415 | D:3      | 1415 ||| INVOKING Spit Poison.
  1454 | D:3      | 1454 ||| INVOKING Spit Poison.
  1457 | D:3      | 1457 ||| INVOKING Spit Poison.
  1461 | D:3      | Reached skill level 6 in Ranged Weapons
  1475 | D:3      | 1475 ||| INVOKING Spit Poison.
  1485 | D:3      | 1485 ||| INVOKING Spit Poison.
  1490 | D:3      | 1490 ||| INVOKING Spit Poison.
  1491 | D:3      | Reached XP level 6. HP: 56/56 MP: 6/6
  1552 | D:3      | 1552 ||| INVOKING Spit Poison.
  1556 | D:3      | 1556 ||| INVOKING Spit Poison.
  1610 | D:3      | 1610 ||| INVOKING Spit Poison.
  1657 | D:3      | Noticed a black bear
  1659 | D:3      | 1659 ||| INVOKING Spit Poison.
  1662 | D:3      | 1662 ||| INVOKING Spit Poison.
  1667 | D:3      | 1667 ||| INVOKING Spit Poison.
  1668 | D:3      | Killed a black bear
  1682 | D:3      | Found a shimmering blue altar of Sif Muna.
  1698 | D:3      | Found an opulent altar of Gozag.
  1994 | D:3      | 1994 ||| INVOKING Spit Poison.
  2152 | D:3      | 2152 ||| INVOKING Spit Poison.
  2270 | D:3      | 2270 ||| UPGRADING to scarf of resistance.
  2275 | D:3      | 2275 ||| READING scroll labelled QIEMOB TEBREUX.
  2340 | D:4      | 2340 ||| INVOKING Spit Poison.
  2346 | D:4      | 2346 ||| INVOKING Spit Poison.
  2348 | D:4      | 2348 ||| STAIRDANCE
  2351 | D:3      | 2351 ||| INVOKING Spit Poison.
  2367 | D:4      | 2367 ||| INVOKING Spit Poison.
  2409 | D:4      | 2409 ||| INVOKING Spit Poison.
  2417 | D:4      | 2417 ||| INVOKING Spit Poison.
  2526 | D:4      | 2526 ||| INVOKING Spit Poison.
  2900 | D:4      | 2900 ||| READING scroll labelled LAES MA TOU.
  2901 | D:4      | 2901 ||| READING scroll labelled ISOIWO XAQEYNU.
  2905 | D:4      | 2905 ||| READING scroll labelled VUMEGU RAVVUCH.
  2906 | D:4      | 2906 ||| READING 3 scrolls of identify.
  2906 | D:4      | 2906 ||| IDENTIFYING sedimented white potion
  2907 | D:4      | 2907 ||| READING 2 scrolls of identify.
  2907 | D:4      | 2907 ||| IDENTIFYING bubbling green potion
  2916 | D:5      | Entered Level 5 of the Dungeon
  3061 | D:5      | 3061 ||| INVOKING Spit Poison.
  3062 | D:5      | Noticed a black bear
  3064 | D:5      | 3064 ||| INVOKING Spit Poison.
  3069 | D:5      | 3069 ||| INVOKING Spit Poison.
  3073 | D:5      | 3073 ||| INVOKING Spit Poison.
  3076 | D:5      | HP: 11/57 [black bear (5)]
  3077 | D:5      | 3077 ||| READING scroll of teleportation.
  3077 | D:5      | HP: 3/57 [black bear (9)]
  3077 | D:5      | Mangled by a black bear

Levels and vault maps discovered:
D:1:      ncdulo_watergridlock, layout_basic, chequers_serial_rivers_micro_c
D:2:      layout_loops_cross, shapermc_ecumenical_altar_mp_vishouse,
          amcnicky_mini_rare_corridor_liquid, reono_crystal_passage,
          uniq_natasha, uniq_jessica
D:3:      layout_loops_corners, led_sif_pool, nicolae_gozag_seed_capital,
          chequers_mini_garden, corexii_hall_statues_deadend
D:4:      layout_rooms, minmay_misc_feat_more_columns
D:5:      layout_loops_ring, kennysheep_generic_room_16, uniq_blork_the_orc

Skill      XL: |  1  2  3  4  5  6 |
---------------+-------------------+-----
Ranged Weapons | 4 5 6 |  6.4
Fighting       | 3 4 |  4.1
Dodging        | |  1.5
Stealth        | |  1.5

Action                     |  1- 3 |  4- 6 || total
---------------------------+-------+-------++-------
   Fire: Shortbow          |    99 |   147 ||   246
Ability: Spit Poison       |    35 |    46 ||    81
    Use: Scroll            |     2 |     8 ||    10
         Potion            |       |     1 ||     1
 Armour: Leather armour    |    20 |    44 ||    64
  Dodge: Dodged            |    26 |    63 ||    89

Table legend:
 A = Non-vault XP
 B = Vault XP
 C = Vault XP percentage of total XP
 D = Non-vault monster count
 E = Vault monster count
 F = Vault count percentage of total count
                 A         B        C        D         E       F
            +---------+---------+-------+---------+---------+-------
      Total |     511 |      72 |  12.3 |      96 |       2 |   2.0
            +---------+---------+-------+---------+---------+-------
        D:1 |      54 |       0 |   0.0 |      32 |       0 |   0.0
        D:2 |     164 |      72 |  30.5 |      34 |       2 |   5.6
        D:3 |     190 |       0 |   0.0 |      17 |       0 |   0.0
        D:4 |      98 |       0 |   0.0 |      11 |       0 |   0.0
        D:5 |       5 |       0 |   0.0 |       2 |       0 |   0.0
            +---------+---------+-------+---------+---------+-------
